 Dungeon Crawl Stone Soup version 0.21-a0-414-gba8bdf1 (webtiles) character file.

179 Xenofane the Slasher (level 5, -2/33 HPs)
             Began as a Tengu Chaos Knight on Oct 22, 2017.
             Slain by an iguana (11 damage)
             ... on level 3 of the Dungeon on Nov 2, 2017.
             The game lasted 00:08:37 (2439 turns).

Xenofane the Slasher (Tengu Chaos Knight)           Turns: 2439, Time: 00:08:38

Health: -2/33      AC:  6    Str: 10 (12) XL:     5   Next: 59%
Magic:  6/6        EV: 11    Int: 12 (13) God:    Xom [....*.]
Gold:   106        SH:  0    Dex: 18 (20) Spells: 4/4 levels left

rFire    . . .     SeeInvis .   u - +0 falchion
rCold    . . .     Gourm    .   (no shield)
rNeg     . . .     Faith    .   b - +3 leather armour
rPois    +         Spirit   .   (helmet restricted)
rElec    .         Reflect  .   (no cloak)
rCorr    .         Harm     .   (no gloves)
MR       .....                  (boots unavailable)
Stlth    +.........             (no amulet)
HPRegen  0.11/turn              p - +6 ring of dexterity
MPRegen  0.10/turn              e - ring of poison resistance

@: no status effects
A: beak, talons 3, able to fly 1
a: Fly, Renounce Religion


You were on level 3 of the Dungeon.
You worshipped Xom.
You were a beloved toy of Xom.
You were not hungry.

You visited 1 branch of the dungeon, and saw 4 of its levels.

You collected 106 gold pieces.

Inventory:

Hand Weapons
 a - a +0 falchion of chaos
 q - a +0 shortbow
 u - a +0 falchion (weapon)
Missiles
 d - 2 poisoned tomahawks (quivered)
Armour
 b - a +3 leather armour (worn)
 k - a +0 scale mail
 m - a cursed +0 plate armour
Jewellery
 e - a ring of poison resistance (right hand)
 p - a +6 ring of dexterity (left hand)
Scrolls
 o - a scroll of identify
Potions
 l - 3 potions of degeneration
Books
 t - a book of Changes

   Spells                             Type                      Level
   a - Beastly Appendage              Transmutation                1
   b - Sticks to Snakes               Transmutation                2
   c - Spider Form                    Transmutation/Poison         3
   d - Ice Form                       Ice/Transmutation            4
   e - Blade Hands                    Transmutation                5
Comestibles
 c - 4 bread rations
 f - 2 chunks of flesh
 n - 4 meat rations
 v - 3 fruits


   Skills:
 * Level 4.0 Fighting
 + Level 5.9 Long Blades
 - Level 2.1 Armour
 - Level 1.1 Dodging


You had 4 spell levels left.
You didn't know any spells.

Dungeon Overview and Level Annotations

Branches:
Dungeon (4/15)
 Temple: D:4-7

Altars:
Ashenzari
Dithmenos
Kikubaaqudgha
Vehumet
Xom
Zin

Annotations:
D:2 Sigmund
D:3 Grinder
D:4 Dowan, Duvessa, Menkaure


Innate Abilities, Weirdness & Mutations

You have a beak for a mouth.
You have claws for feet.
You can fly.


Message History

Grinder hits you.
You writhe in agony.
Grinder gestures at you. Pain shoots through your body!
Grinder blinks!
Xom's power touches on a nearby monster.
The iguana seems to speed up.
You are now a beloved toy of Xom.
Grinder hits you but does no damage.
There is a stone staircase leading up here.
The iguana bites you!
* * * LOW HITPOINT WARNING * * *
The iguana closely misses you. Grinder closely misses you.
The hound skeleton closely misses you.
You climb upwards.
There is a stone staircase leading down here.
The iguana bites you but does no damage.
Grinder says, "There's only one good use for a tongue: cutting it out."
The iguana bites you!
You die...
Xom bursts into laughter!

####.......#.<.....# ##_##
...#.......##.####.##
#..##.######.# #..############
###..[......#. ##>...........#
..#...#####... ####.........#
.........##### #.........#
.....รท.#....#### #.........#
....##..[......###########.#####
....#########.5l@....# ###.#
....# #.######.###...# ....#
#.<..........#### ...##
#...............# ..#
#####.........####.# ########
#..................#
...........####........######
.........# ####..........#
..#[..#... ...........##.##


You could see Grinder and an iguana.

Vanquished Creatures
  A worker ant (D:3)
  Robin (D:2)
  3 adders (D:3)
  4 gnolls (D:3)
  2 dart slugs
  A leopard gecko (D:4)
  5 orcs (D:3)
  9 bats
  4 giant cockroaches
  7 hobgoblins
  6 jackals
  6 kobolds
  A quokka (D:3)
  2 frilled lizards (D:3)
  13 goblins
  A jackal skeleton (D:4)
  5 rats
71 creatures vanquished.

Vanquished Creatures (collateral kills)
  A worm (D:3)
1 creature vanquished.

Grand Total: 72 creatures vanquished

Notes
Turn   | Place    | Note
-------+----------+-------------------------------------------
     0 | D:1      | Xenofane the Tengu Chaos Knight began the quest for the Orb.
     0 | D:1      | Reached XP level 1. HP: 14/14 MP: 2/2
    87 | D:1      | Reached XP level 2. HP: 18/19 MP: 3/3
    88 | D:1      | Reached skill level 4 in Long Blades
   109 | D:1      | Upgraded the game from 0.21-a0-401-g0b6bec4 to 0.21-a0-414-gba8bdf1
   229 | D:1      | XOM: divination: magic mapping
   290 | D:1      | XOM: 3-stop teleportation journey
   351 | D:1      | XOM: polymorph hobgoblin -> giant cockroach
   551 | D:1      | Reached XP level 3. HP: 23/23 MP: 4/4
   611 | D:1      | XOM: harmless Tloc miscast
   732 | D:2      | Noticed Robin
   962 | D:2      | Found an ancient bone altar of Kikubaaqudgha.
   989 | D:2      | Killed Robin
   992 | D:2      | Reached XP level 4. HP: 28/28 MP: 5/5
  1000 | D:2      | Reached skill level 5 in Long Blades
  1068 | D:2      | Noticed Sigmund
  1071 | D:2      | XOM: mild Tmut miscast
  1072 | D:2      | XOM: confuse monster(s)
  1460 | D:3      | XOM: harmless Summ miscast
  1498 | D:3      | Found a glowing silver altar of Zin.
  1498 | D:3      | Found a shimmering altar of Xom.
  1498 | D:3      | Found a shadowy altar of Dithmenos.
  1498 | D:3      | Found a shattered altar of Ashenzari.
  1516 | D:3      | XOM: summons friendly quasit
  1620 | D:3      | Found a radiant altar of Vehumet.
  1634 | D:3      | Gained mutation: You can fly. [Tengu growth]
  1634 | D:3      | Reached XP level 5. HP: 26/33 MP: 6/6
  1855 | D:3      | XOM: cast spell 'Olgreb's Toxic Radiance'
  2164 | D:4      | Noticed Dowan
  2165 | D:4      | Noticed Duvessa
  2176 | D:4      | XOM: summons friendly quasit
  2181 | D:3      | XOM: medium Air miscast
  2343 | D:4      | Noticed Menkaure
  2427 | D:4      | Noticed Grinder
  2431 | D:4      | XOM: divination: detect creatures
  2435 | D:4      | XOM: enchant monster (bad)
  2439 | D:3      | Slain by an iguana

Vault maps used:
D:1:      wheals_arrival_linesprint, minmay_pentomino_w4
D:2:      kennysheep_flooded_box, hangedman_decor_points, uniq_robin,
          uniq_sigmund
D:3:      kennysheep_goblin_castle, minmay_overflow_temple_hex, vehumet_crystals
D:4:      kennysheep_kobold_camp, kennysheep_mini,
          gammafunk_temple_overflow_statue, temple_fountains,
          nicolae_ossuary_entry_monument, uniq_duvessa, uniq_grinder,
          uniq_menkaure

Skill      XL: |  1  2  3  4  5 |
---------------+----------------+-----
Long Blades    | 4 5 |  5.9
Fighting       | 4 |  4.0
Armour         | |  2.1
Dodging        | |  1.1

Action                   |  1- 3 |  4- 6 || total
-------------------------+-------+-------++-------
Melee: Falchion          |    65 |    69 ||   134
       Kick              |    16 |    30 ||    46
       Peck              |     7 |    17 ||    24
  Use: Scroll            |     2 |     5 ||     7
       Potion            |       |     7 ||     7
  Eat: Chunk             |       |     3 ||     3
       Royal jelly       |       |     1 ||     1
Armor: Leather armour    |    20 |    33 ||    53
Dodge: Dodged            |    45 |    63 ||   108
       Rpst.: Falchion   |    14 |    24 ||    38

Table legend:
 A = Spawn XP
 B = Non-spawn XP
 C = Spawn XP percentage of total XP
 D = Spawn monster count
 E = Non-spawn monster count
 F = Spawn count percentage of total count
 G = Total turns spent on level
                    A         B        C        D         E        F      G
               +---------+---------+-------+---------+---------+-------+---------
         Total |       0 |     257 |   0.0 |       0 |      72 |   0.0 |  2439
               +---------+---------+-------+---------+---------+-------+---------
           D:1 |       0 |      44 |   0.0 |       0 |      25 |   0.0 |   826
           D:2 |       0 |      43 |   0.0 |       0 |      15 |   0.0 |   281
           D:3 |       0 |     166 |   0.0 |       0 |      30 |   0.0 |  1129
           D:4 |       0 |       4 |   0.0 |       0 |       2 |   0.0 |   203
               +---------+---------+-------+---------+---------+-------+---------
